 Dungeon Crawl Stone Soup version 0.20-a0-435-gf4ea4dd (webtiles) character file.

10306 Jivvin the Carver (level 11, -4/101 HPs)
             Began as a Minotaur Monk on Jan 5, 2017.
             Was a High Priest of Dithmenos.
             Slain by an orc warrior
             ... wielding a +0 short sword
              (15 damage)
             ... while paralysed by an orc sorcerer
             ... on level 2 of the Orcish Mines.
             The game lasted 00:13:50 (11948 turns).

Jivvin the Carver (Minotaur Monk)                  Turns: 11948, Time: 00:13:51

Health: -4/101     AC: 10    Str: 17    XL:     11   Next: 34%
Magic:  10/10      EV:  2    Int:  7    God:    Dithmenos [*****.]
Gold:   39         SH:  0    Dex: 15    Spells: 10/10 levels left

rFire  . . .     SeeInvis +     m - +2 scimitar (slice)
rCold  . . .     Gourm    .     p - +1 troll leather armour
rNeg   . . .     Faith    .     (no shield)
rPois  +         Spirit   .     (helmet restricted)
rElec  .         Reflect  .     (no cloak)
rCorr  +         Harm     .     g - +2 pair of gloves
MR     .....                    j - +1 pair of boots
Stlth  ++++......               (no amulet)
                                d - ring of the Rabble {rCorr Stlth+}
                                e - ring of see invisible

@: paralysed, wreathed by umbra
A: retaliatory headbutt, horns 2, poison resistance
a: Shadow Step, Shadow Form, Renounce Religion


You were on level 2 of the Orcish Mines.
You worshipped Dithmenos.
Dithmenos was extremely pleased with you.
You were not hungry.

You visited 2 branches of the dungeon, and saw 12 of its levels.

You collected 900 gold pieces.
You spent 861 gold pieces at shops.

Inventory:

Hand Weapons
 b - a +0 fustibalus of freezing
 m - a +2 scimitar of slicing (weapon)
Missiles
 u - 46 sling bullets
Armour
 g - a +2 pair of gloves (worn)
 j - a +1 pair of boots (worn)
 p - a +1 troll leather armour (worn)
Jewellery
 d - the ring of the Rabble (right hand) {rCorr Stlth+}
   (You took it off an orc priest on level 4 of the Dungeon)

   [ring of resist corrosion]

   It makes you more stealthy.
 e - a ring of see invisible (left hand)
Wands
 q - a wand of acid (15/15)
 r - a wand of iceblast (6/15)
 s - a wand of paralysis (7/24)
 w - a wand of lightning (9/15)
 A - a wand of acid (11/15)
 G - a wand of lightning (11/15)
Scrolls
 i - 2 scrolls of magic mapping
 o - 5 scrolls of remove curse
 v - 2 scrolls of amnesia
 y - a scroll of fear
 z - a scroll of identify
 B - a scroll of fog
Potions
 k - a potion of brilliance
 l - 2 potions of flight
Books
 x - a book of Misfortune

   Spells                             Type                      Level
   a - Confusing Touch                Hexes                        1
   b - Confuse                        Hexes                        3
   c - Gell's Gravitas                Hexes/Translocation          3
   d - Petrify                        Transmutation/Earth          4
   e - Metabolic Englaciation         Hexes/Ice                    5
   f - Yara's Violent Unravelling     Hexes/Transmutation          5
Comestibles
 c - 2 bread rations
 f - 2 meat rations
 n - 3 beef jerkies


   Skills:
 - Level 10.6 Fighting
 - Level 14.0 Long Blades
 + Level 11.8 Dodging
 - Level 1.5 Stealth


You had 10 spell levels left.
You didn't know any spells.

Dungeon Overview and Level Annotations

Branches:
Dungeon (10/15)            Temple (0/1) D:5            Lair (0/6) D:8
    Orc (2/2) D:9             Elf (0/3) Orc:2

Altars:
Ashenzari
Dithmenos
Elyvilon
Hepliaklqana
Kikubaaqudgha
Okawaru
Qazlal
Sif Muna
Uskayaw
Vehumet
Xom
Yredelemnul
The Shining One

Shops:
D:6 :   D:9 %[(   D:10 !*!(:   Orc:2 [


Innate Abilities, Weirdness & Mutations

You reflexively headbutt those who attack you in melee.
You have a pair of horns on your head.
Your system is resistant to poisons. (rPois)


Message History

The orc warlord roars a battlecry!
The orcs go into a battle-frenzy!
The orc sorcerer casts a spell at you.
You suddenly lose the ability to move!
The orc sorcerer points at you and mumbles some strange words.
You resist with significant effort.
The orc warrior hits you with a short sword!
The orc warrior hits you from afar with a trident!!
You emit a cloud of dark smoke.
An orc sorcerer comes into view. It is wielding a dagger.
The orc warlord hits you with a long sword.
The orc sorcerer casts a spell.
The orc high priest mumbles some strange prayers to Beogh.
The orc warrior hits you with a short sword!
* * * LOW HITPOINT WARNING * * *
The orc warrior barely misses you.
The orc warlord hits you with a long sword!
* * * LOW HITPOINT WARNING * * *
The orc warrior hits you with a short sword!
You die...

*****,,,,.....#...8......P#,*
*,,,,,......#P.P........,***
****,,,,....$.............,*,**
*,,,,,,,............P.....,*,,**
**,,,,,,.....$.o..........,,,,,*
**,,,,,,,#...........$...#.,,,,,,
,*,,,,,,*#..........(#...#,,,,,,,
,,,,,,,**##....o§§.o..#.##,,,,,,,
*,,,,,,,,*#..(oo@§§.$..#..,,,,,,,
*,,,,,,,*#..3.o$§§§........,,,,,,
*,,*,,,,,##..(4#...........,,,,,,
,,,,*,,,,.o....##.........,,,,**,
,,,*,,,,,.....$*##.......,,,,,***
,,,,,,,,,.4...#***#......,,,,**
,,,,,,*,,.....*,**,......,,,*****
,,,,,,,,,....*,,,*,.....,,,,,**,*
,,,,,,,,,,,,,,*,**,,,,,,,,,,,,,,,


You could see an orc warlord, an orc high priest, an orange demon, a rust devil,
a neqoxec, 3 orc sorcerers and 2 orc warriors.

Vanquished Creatures
  2 two-headed ogres (D:10)
  Urug (D:10)
  An orc knight (D:9)
  Joseph (D:10)
  2 trolls
  The ghost of aTarkinC the Firebug, an amateur TeFE of Sif Muna (D:4)
  6 yaks
  2 hungry ghosts (D:9)
  Menkaure (D:7)
  11 orc warriors
  2 water moccasins (D:8)
  A sky beast (D:9)
  4 phantoms
  A black bear (D:10)
  A necrophage (D:10)
  4 ogres
  3 ice beasts
  6 centaurs
  A big kobold (D:9)
  4 bullfrogs
  A wyvern zombie (D:10)
  2 wyvern skeletons (D:9)
  2 scorpions
  4 wights (D:8)
  6 killer bees (D:9)
  A howler monkey (D:8)
  4 crimson imps
  A centaur zombie (D:9)
  2 quasits (D:9)
  4 hounds
  2 bullfrog skeletons
  A jelly (D:10)
  3 orc priests
  A gnoll shaman (D:5)
  A centaur skeleton (D:6)
  13 orc wizards
  4 iguanas
  13 worker ants
  2 hound zombies
  3 hound skeletons
  A howler monkey zombie (D:10)
  3 worker ant zombies (D:9)
  20 gnolls
  10 adders
  A shadow imp (D:10)
  3 oozes
  2 adder skeletons (D:4)
  3 worms
  A leopard gecko (D:2)
  31 orcs
  4 ball pythons
  5 giant cockroaches
  6 goblins
  6 hobgoblins
  8 kobolds
  5 quokkas
  2 bats
  A frilled lizard (D:2)
  4 rats
241 creatures vanquished.

Vanquished Creatures (others)
  3 plants (D:10)
3 creatures vanquished.

Grand Total: 244 creatures vanquished

Notes
Turn   | Place    | Note
-------+----------+-------------------------------------------
     0 | D:1      | Jivvin the Minotaur Monk began the quest for the Orb.
     0 | D:1      | Reached XP level 1. HP: 19/19 MP: 0/0
    36 | D:2      | Found a shattered altar of Ashenzari.
    74 | D:2      | Reached skill level 4 in Long Blades
   112 | D:2      | Found a basalt altar of Yredelemnul.
   167 | D:2      | Reached XP level 2. HP: 23/26 MP: 1/1
   536 | D:2      | Reached skill level 5 in Long Blades
   604 | D:2      | Reached XP level 3. HP: 30/31 MP: 2/2
   619 | D:2      | Found a shimmering altar of Xom.
   619 | D:2      | Found a shadowy altar of Dithmenos.
   635 | D:2      | Became a worshipper of Dithmenos the Shadowed
   635 | D:2      | Reached * piety under Dithmenos
   635 | D:2      | Reached ** piety under Dithmenos
   670 | D:2      | Found a hazy altar of Hepliaklqana.
   732 | D:2      | Found a white marble altar of Elyvilon.
   852 | D:4      | Noticed aTarkinC's ghost (amateur TeFE)
  1087 | D:4      | Reached XP level 4. HP: 39/39 MP: 3/3
  1127 | D:4      | Found an iron altar of Okawaru.
  1151 | D:4      | Reached skill level 6 in Long Blades
  1210 | D:4      | Noticed a phantom
  2288 | D:3      | Noticed an ogre
  2300 | D:3      | Killed an ogre
  2300 | D:3      | Reached skill level 7 in Long Blades
  2300 | D:3      | Reached XP level 5. HP: 17/45 MP: 4/4
  2816 | D:4      | Reached skill level 8 in Long Blades
  2816 | D:4      | Reached XP level 6. HP: 41/51 MP: 5/5
  3361 | D:4      | Reached skill level 9 in Long Blades
  3374 | D:4      | Got a slimy tin ring
  3408 | D:4      | Killed aTarkinC's ghost
  3408 | D:4      | Reached skill level 10 in Long Blades
  3408 | D:4      | Reached XP level 7. HP: 39/57 MP: 6/6
  3698 | D:4      | Found a stormy altar of Qazlal.
  3850 | D:4      | Identified the ring of the Rabble {rCorr Stlth+} (You took it off an orc priest on level 4 of the Dungeon)
  3854 | D:5      | Entered Level 5 of the Dungeon
  3884 | D:5      | Reached *** piety under Dithmenos
  3884 | D:5      | Reached skill level 11 in Long Blades
  3949 | D:5      | Found an ancient bone altar of Kikubaaqudgha.
  3950 | D:5      | Found a deep blue altar of Sif Muna.
  3952 | D:5      | Found a radiant altar of Vehumet.
  3956 | D:5      | Identified Sif Muna's Reference Book on Dislocation
  4021 | D:5      | Found a glowing golden altar of the Shining One.
  4226 | D:5      | Found a staircase to the Ecumenical Temple.
  4284 | D:5      | Reached XP level 8. HP: 62/64 MP: 7/7
  4344 | D:5      | Found a hide-covered altar of Uskayaw.
  4345 | D:5      | Noticed a hand axe
  4346 | D:5      | Noticed a hand axe
  4855 | D:5      | Reached skill level 12 in Long Blades
  5381 | D:7      | Reached skill level 13 in Long Blades
  5696 | D:6      | Found Douvyhe's Book Shop.
  5844 | D:6      | Reached **** piety under Dithmenos
  5986 | D:6      | Reached XP level 9. HP: 54/70 MP: 8/8
  6041 | D:6      | Reached skill level 14 in Long Blades
  6316 | D:7      | Noticed Menkaure
  6319 | D:7      | Killed Menkaure
  6319 | D:7      | Reached skill level 5 in Fighting
  7118 | D:8      | Found a staircase to the Lair.
  7175 | D:8      | Reached ***** piety under Dithmenos
  7484 | D:9      | Found Toitac's Weapon Boutique.
  7488 | D:9      | Found a staircase to the Orcish Mines.
  7493 | D:9      | Found Xirecaja's Armour Boutique.
  7509 | D:9      | Bought the cursed +1 robe "Loezi" {MR+ Dex+2} for 253 gold pieces
  7586 | D:9      | Reached skill level 10 in Fighting
  7595 | D:9      | Reached XP level 10. HP: 55/94 MP: 9/9
  7970 | D:9      | Reached skill level 5 in Dodging
  8085 | D:9      | Found Mearoni's Food Boutique.
  8270 | D:10     | Entered Level 10 of the Dungeon
  8288 | D:10     | Found Inoenemn's General Store.
  8293 | D:10     | Found Jaunoex's Distillery.
  8296 | D:10     | Bought a scroll of identify for 28 gold pieces
  8296 | D:10     | Bought a scroll of fog for 28 gold pieces
  8301 | D:10     | Bought a potion of haste for 120 gold pieces
  8301 | D:10     | Bought a potion of heal wounds for 60 gold pieces
  8301 | D:10     | Bought a potion of haste for 120 gold pieces
  8304 | D:10     | Noticed a two-headed ogre
  8319 | D:10     | Killed a two-headed ogre
  8362 | D:10     | Found Geeg's Weapon Shop.
  8406 | D:10     | Noticed Urug
  8435 | D:10     | Killed Urug
  8874 | D:10     | Noticed Joseph
  8885 | D:10     | Killed Joseph
  8898 | D:10     | Found Ubran's Distillery.
  9099 | D:10     | Found Nutu's Book Shop.
  9131 | D:10     | Noticed a three-headed hydra
  9569 | D:10     | Noticed a two-headed ogre
  9582 | D:10     | Killed a two-headed ogre
  9582 | D:10     | Reached skill level 10 in Dodging
  9582 | D:10     | Reached XP level 11. HP: 40/101 MP: 10/10
 10206 | D:10     | Noticed a skeletal warrior
 10206 | D:10     | Noticed a two-headed ogre
 10391 | Orc:1    | Entered Level 1 of the Orcish Mines
 10571 | Orc:2    | Entered Level 2 of the Orcish Mines
 10574 | Orc:2    | Noticed an orc sorcerer
 10575 | Orc:2    | Found Wiog's Antique Armour Boutique.
 10575 | Orc:2    | Noticed an orc sorcerer
 10611 | Orc:1    | Gained mutation: Your system is resistant to poisons. (rPois) [potion of beneficial mutation]
 10948 | Orc:2    | Noticed an orc knight
 10949 | Orc:2    | Noticed an orc high priest
 10949 | Orc:2    | Noticed a sixfirhy
 10950 | Orc:2    | Noticed an orc warlord
 11731 | D:10     | Bought a +2 scimitar of slicing for 252 gold pieces
 11817 | D:9      | Killed an orc knight
 11946 | Orc:2    | Paralysed by an orc sorcerer for 7 turns
 11947 | Orc:2    | Noticed an orc sorcerer
 11948 | Orc:2    | Slain by an orc warrior

Vault maps used:
D:1:      minmay_arrival_stone_box, hex_medium
D:2:      kennysheep_ying_yang, old_standard_altar, grunt_temple_overflow_open,
          kennysheep_generic_room_3
D:4:      okawaru_ov_weapons_minmay, grunt_qazlal_clouds
D:5:      grunt_temple_overflow_magic_moments, dancing_weapons_uskayaw,
          first_bread, nicolae_tso_swordbearing_angel
D:6:      serial_shops, nicolae_shop_crystal, portal_sewer_entry_d
D:7:      uniq_menkaure
D:8:      dpeg_oklobed_lair
D:9:      orc_david_3, serial_shops, shop
D:10:     kennysheep_spiral_hall, serial_shops, nicolae_shop_behind_doors, shop,
          nicolae_shop_waterfront, nicolae_shop_crystal, nicolae_shop_trees,
          hangedman_ranch, uniq_urug, uniq_joseph
Orc:2:    grunt_orc_gardens, grunt_orc_garden, grunt_orc_garden,
          grunt_orc_garden, grunt_orc_garden, lab_entry_generic, enter_volcano_4

Skill      XL: |  1  2  3  4  5  6  7  8  9 10 11 |
---------------+----------------------------------+-----
Long Blades    | 4 5 7 8 10 11 13 14 | 14.0
Fighting       | 10 | 10.6
Dodging        | 10 11 | 11.8
Stealth        | |  1.5

Action                   |  1- 3 |  4- 6 |  7- 9 | 10-12 || total
-------------------------+-------+-------+-------+-------++-------
Melee: Falchion          |    55 |   109 |   373 |   268 ||   805
       Headbutt          |    13 |    20 |    96 |    72 ||   201
       Scimitar          |       |       |       |    13 ||    13
 Fire: Fustibalus        |       |     3 |       |       ||     3
  Use: Potion            |     1 |     1 |     4 |    10 ||    16
       Scroll            |       |    12 |     2 |    10 ||    24
 Stab: Sleeping          |     1 |     3 |    12 |     7 ||    23
       Distracted        |       |       |     2 |     2 ||     4
  Eat: Bread ration      |     1 |     1 |     1 |     3 ||     6
       Chunk             |       |     1 |     8 |     7 ||    16
Armor: Robe              |    11 |    13 |     1 |    22 ||    47
       Skin              |       |     8 |       |       ||     8
       Leather armour    |       |     1 |    89 |       ||    90
       Troll leather arm |       |       |       |    18 ||    18
Dodge: Dodged            |    43 |    47 |   230 |   232 ||   552
       Rpst.: Falchion   |    10 |    11 |    57 |    53 ||   131
       Scimitar          |       |       |       |     1 ||     1
